 Dungeon Crawl Stone Soup version 0.21.1-1-g345015fe64 (webtiles) character file.

11288 Maize the Cleaver (level 11, -19/151 (153) HPs)
             Began as a Minotaur Berserker on May 28, 2018.
             Was an Elder of Trog.
             Demolished by Snorg (22 damage)
             ... on level 10 of the Dungeon.
             The game lasted 00:33:11 (7909 turns).

Maize the Cleaver (Minotaur Berserker)              Turns: 7909, Time: 00:33:12

HP:   -19/151 (153) AC: 14    Str: 30    XL:     11   Next: 47%
MP:   10/10         EV: 13    Int:  4    God:    Trog [****..]
Gold: 622           SH:  0    Dex: 10    Spells: 10/10 levels left

rFire    . . .     SeeInvis .   q - +0 broad axe
rCold    . . .     Gourm    .   (no shield)
rNeg     + + .     Faith    .   k - +1 chain mail
rPois    .         Spirit   .   (helmet restricted)
rElec    .         Reflect  .   (no cloak)
rCorr    .         Harm     .   g - +0 pair of gloves
MR       ++...                  (no boots)
Stlth    ..........             y - amulet of rage
HPRegen  1.35/turn              z - ring of positive energy
MPRegen  0.12/turn              C - ring of positive energy

@: berserking, regenerating, very quick
A: retaliatory headbutt, horns 2
a: Berserk, Trog's Hand, Brothers in Arms, Burn Spellbooks, Renounce Religion,
Evoke Berserk Rage


You were on level 10 of the Dungeon.
You worshipped Trog.
Trog was greatly pleased with you.
You were near starving.

You visited 2 branches of the dungeon, and saw 11 of its levels.

You collected 622 gold pieces.

Inventory:

Hand Weapons
 q - a +0 broad axe (weapon)
Missiles
 r - 10 tomahawks (quivered)
Armour
 g - a +0 pair of gloves (worn)
 k - a +1 chain mail (worn)
 J - a +2 hat
Jewellery
 y - an amulet of rage (around neck)
 z - a ring of positive energy (left hand)
 C - a ring of positive energy (right hand)
 H - an uncursed ring of stealth
Wands
 x - a wand of flame (7)
 B - a wand of acid (16)
 I - a wand of paralysis (13)
Scrolls
 b - a scroll of random uselessness {unknown}
 e - 6 scrolls of remove curse
 f - a scroll of fear
 h - 3 scrolls of magic mapping
 j - 2 scrolls of enchant weapon {unknown}
 l - 5 scrolls of teleportation
 o - 3 scrolls of enchant armour
 p - 3 scrolls of identify
 s - 2 scrolls of noise {unknown}
 u - 2 scrolls of fog {unknown}
 A - a scroll of silence {unknown}
 E - a scroll of amnesia {unknown}
Potions
 a - a potion of heal wounds
 d - a potion of agility {unknown}
 i - a potion of brilliance {unknown}
 m - a potion of might
 n - 5 potions of flight {unknown}
 t - 3 potions of lignification {unknown}
 v - 2 potions of ambrosia {unknown}
 w - 5 potions of degeneration {unknown}
 D - a potion of cancellation {unknown}
 F - a potion of berserk rage {unknown}
Comestibles
 c - 19 rations


   Skills:
 + Level 11.4 Fighting
 + Level 11.4 Axes
 + Level 11.1 Armour
 + Level 10.2 Dodging


You had 10 spell levels left.
You didn't know any spells.

Dungeon Overview and Level Annotations

Branches:
Dungeon (10/15)            Temple (1/1) D:4            Lair (0/6) D:10
    Orc: D:9-12

Altars:
Ashenzari
Cheibriados
Dithmenos
Elyvilon
Fedhas
Gozag
Hepliaklqana
Kikubaaqudgha
Okawaru
Qazlal
Ru
Trog
Uskayaw
Vehumet
Xom
Yredelemnul
Zin
The Shining One

Annotations:
D:10 Snorg


Innate Abilities, Weirdness & Mutations

You reflexively headbutt those who attack you in melee.
You have a pair of horns on your head.


Message History

Snorg bites you but does no damage. Snorg closely misses you. Snorg claws you.
* * * LOW HITPOINT WARNING * * *
A red film seems to cover your vision as you go berserk!
You feel yourself moving faster!
You feel mighty!
You are near starving!
Snorg closely misses you. x3; Snorg bites you!
* * * LOW HITPOINT WARNING * * *
Snorg claws you!
* * * LOW HITPOINT WARNING * * *
Snorg claws you!
* * * LOW HITPOINT WARNING * * *
You hit Snorg. Your headbutt misses Snorg.
Snorg is severely wounded.
Snorg bites you but does no damage. Snorg claws you but does no damage.
Snorg claws you.
* * * LOW HITPOINT WARNING * * *
You slice Snorg!!
Snorg is almost dead.
Snorg bites you!!
You die...

### #.# #....# .... ##.###.##
#....## .....
##...#...###.....######......
.......#..............'......
##...#...#######....###......
##.###### #....# ..... #.#
#.#### .... #.# #.# ... #.#
#@# '# #.# #T# # #.# #.# #.#
#.# ###.# ... ....# #.# #####
#.. ###


You could see Snorg (berserk).

Vanquished Creatures
  Gastronok (D:10)
  The ghost of zuik the Slicer, a journeyman HaFi of Trog (D:10)
  3 two-headed ogres
  A gargoyle (D:10)
  Grinder (D:3)
  2 hippogriffs
  Sigmund (D:5)
  A wyvern (D:9)
  9 yaks
  Duvessa (D:4)
  2 water moccasins
  2 sky beasts
  3 orc warriors (D:10)
  5 ice beasts
  2 black bears (D:7)
  5 ogres
  3 necrophages
  A phantom (D:8)
  6 centaurs
  2 bullfrogs (D:10)
  A wyvern zombie (D:10)
  Dowan (D:4)
  4 scorpions
  A water moccasin skeleton (D:5)
  4 wights (D:7)
  2 vampire bats (D:7)
  6 crimson imps
  A centaur zombie (D:5)
  A quasit (D:9)
  3 bullfrog zombies
  4 hounds
  2 jellies
  4 orc priests
  7 orc wizards
  4 bullfrog skeletons
  2 centaur skeletons
  2 iguanas
  2 worker ants
  A hound skeleton (D:9)
  A mummy (D:5)
  6 adders
  2 oozes
  2 adder zombies
  3 adder skeletons
  2 worms (D:2)
  2 leopard geckos
  24 orcs
  A ball python (D:3)
  8 bats
  3 bat skeletons (D:7)
  3 bat zombies (D:7)
  3 giant cockroaches
  10 goblins
  10 hobgoblins
  5 jackals
  8 kobolds
  3 quokkas
  3 frilled lizards
  A leopard gecko skeleton (D:4)
  A leopard gecko zombie (D:6)
  A quokka skeleton (D:7)
  10 rats
  2 fungi (D:2)
218 creatures vanquished.

Vanquished Creatures (others)
  3 plants (D:10)
3 creatures vanquished.

Grand Total: 221 creatures vanquished

Notes
Turn   | Place    | Note
-------+----------+-------------------------------------------
     0 | D:1      | Maize the Minotaur Berserker began the quest for the Orb.
     0 | D:1      | Reached XP level 1. HP: 19/19 MP: 0/0
    72 | D:1      | Found an iron altar of Okawaru.
   205 | D:1      | Reached XP level 2. HP: 23/27 MP: 1/1
   803 | D:2      | Reached XP level 3. HP: 33/33 MP: 2/2
   813 | D:2      | Reached ** piety under Trog
  1179 | D:2      | Found a white marble altar of Elyvilon.
  1395 | D:2      | You fall through a shaft!
  1436 | D:3      | Reached XP level 4. HP: 41/41 MP: 3/3
  1791 | D:3      | Noticed Grinder
  1831 | D:3      | Killed Grinder
  1831 | D:3      | Reached skill level 5 in Fighting
  1831 | D:3      | Reached skill level 5 in Axes
  1831 | D:3      | Reached XP level 5. HP: 27/48 MP: 4/4
  1831 | D:3      | Reached XP level 6. HP: 31/56 MP: 5/5
  2352 | D:4      | Noticed Dowan
  2353 | D:4      | Noticed Duvessa
  2367 | D:4      | Killed Duvessa
  2368 | D:4      | Killed Dowan
  2477 | D:4      | Reached skill level 5 in Armour
  2477 | D:4      | Reached XP level 7. HP: 62/62 MP: 6/6
  2519 | D:4      | Found a hide-covered altar of Uskayaw.
  2607 | D:4      | Found a staircase to the Ecumenical Temple.
  2613 | Temple   | Entered the Ecumenical Temple
  2869 | D:5      | Entered Level 5 of the Dungeon
  2982 | D:5      | Reached *** piety under Trog
  3069 | D:5      | Reached skill level 5 in Dodging
  3377 | D:5      | Reached XP level 8. HP: 59/71 MP: 7/7
  3527 | D:5      | Noticed Sigmund
  3539 | D:5      | Killed Sigmund
  3601 | D:5      | Found a snail-covered altar of Cheibriados.
  3751 | D:6      | Found a glowing silver altar of Zin.
  3802 | D:6      | Found a shimmering altar of Xom.
  3805 | D:6      | Found a shattered altar of Ashenzari.
  4503 | D:7      | Reached XP level 9. HP: 70/81 MP: 8/8
  4677 | D:7      | Found a glowing golden altar of the Shining One.
  4763 | D:7      | Found a snail-covered altar of Cheibriados.
  4766 | D:7      | Reached **** piety under Trog
  4792 | D:7      | Found a bloodstained altar of Trog.
  4995 | D:7      | Found an ancient bone altar of Kikubaaqudgha.
  5214 | D:7      | Found a radiant altar of Vehumet.
  5302 | D:7      | Found a shadowy altar of Dithmenos.
  5551 | D:8      | Noticed a two-headed ogre
  5555 | D:8      | Killed a two-headed ogre
  5842 | D:8      | Reached XP level 10. HP: 89/91 MP: 9/9
  6214 | D:9      | Found a hazy altar of Hepliaklqana.
  6295 | D:9      | Noticed a two-headed ogre
  6301 | D:9      | Killed a two-headed ogre
  6404 | D:9      | Reached skill level 10 in Axes
  6512 | D:9      | Reached skill level 10 in Fighting
  6980 | D:10     | Entered Level 10 of the Dungeon
  6980 | D:10     | Found a staircase to the Lair.
  6985 | D:10     | Reached skill level 10 in Armour
  7011 | D:10     | Reached ***** piety under Trog
  7034 | D:10     | Noticed a gargoyle
  7058 | D:10     | Killed a gargoyle
  7096 | D:10     | Noticed a two-headed ogre
  7107 | D:10     | Killed a two-headed ogre
  7307 | D:10     | Noticed zuik's ghost (journeyman HaFi)
  7322 | D:10     | Killed zuik's ghost
  7322 | D:10     | Reached XP level 11. HP: 101/101 MP: 10/10
  7332 | D:10     | Found a stormy altar of Qazlal.
  7575 | D:10     | Noticed Gastronok
  7599 | D:10     | Killed Gastronok
  7599 | D:10     | Reached skill level 10 in Dodging
  7610 | D:10     | Noticed a tengu warrior
  7615 | D:10     | Noticed Snorg
  7907 | D:10     | HP: 5/151 [Snorg (9)]
  7908 | D:10     | HP: 2/151 [Snorg (4)]
  7909 | D:10     | Demolished by Snorg

Skill      XL: |  1  2  3  4  5  6  7  8  9 10 11 |
---------------+----------------------------------+-----
Axes           | 4 5 6 8 9 10 11 | 11.4
Fighting       | 4 5 6 8 9 10 11 | 11.4
Armour         | 3 4 5 7 8 10 11 | 11.1
Dodging        | 3 4 5 6 8 9 10 | 10.2

Action                   |  1- 3 |  4- 6 |  7- 9 | 10-12 || total
-------------------------+-------+-------+-------+-------++-------
Melee: Hand axe          |    99 |       |       |       ||    99
       Headbutt          |    18 |    15 |    40 |    43 ||   116
       Broad axe         |     2 |    87 |   222 |   196 ||   507
Throw: Tomahawk          |       |     1 |     7 |     2 ||    10
Invok: Berserk           |       |     2 |     6 |     6 ||    14
       Trog's Hand       |       |     2 |       |     3 ||     5
       Burn Spellbooks   |       |       |       |     1 ||     1
       Brothers in Arms  |       |       |       |     2 ||     2
Evoke: Wand              |       |       |       |     1 ||     1
  Use: Scroll            |     1 |       |     5 |     3 ||     9
       Potion            |     1 |     1 |       |     1 ||     3
  Eat: Chunk             |     2 |     6 |    10 |    12 ||    30
       Ration            |       |       |     2 |       ||     2
Armor: Animal skin       |     4 |       |       |       ||     4
       Chain mail        |    29 |    50 |   135 |    86 ||   300
Dodge: Dodged            |    41 |    34 |   159 |   136 ||   370
